 Dungeon Crawl Stone Soup version 0.28-a0-1493-g08698888e4 (webtiles) character file.

Game seed: 17729789702099469831

26 testman the Insei (level 3, -2/28 HPs)
             Began as a Djinni Transmuter on Jan 12, 2022.
             Was a Believer of Uskayaw.
             Slain by a worm (10 damage)
             ... on level 2 of the Dungeon.
             The game lasted 00:05:02 (1233 turns).

testman the Insei (Djinni Transmuter)               Turns: 1233, Time: 00:05:02

Health: -2/28      AC:  2    Str: 11    XL:     3   Next: 22%
Gold:   81         EV: 12    Int: 14    God:    Uskayaw [**....] SH:  5 Dex: 13

rFire   + + .      SeeInvis .     - Unarmed
rCold   x . .      Faith    .   (no shield)
rNeg    . . .      Spirit   .   a - +0 robe
rPois   ∞          Reflect  +   (helmet currently unavailable)
rElec   .          Harm     .   (no cloak)
rCorr   .          Rampage  .   (no gloves)
Will    .....                   (boots unavailable)
Stlth   +.........              b - amulet of reflection
HPRegen 0.09/turn               (no ring)
MPRegen 0.00/turn               (no ring)

@: appendages (expiring), flying
A: horns 2, flying, sickness immunity, fire resistance 2, cold vulnerability 1,
float, innate caster, hp casting, extra vitality 1
a: End Transformation, Renounce Religion, Stomp, Line Pass


You were on level 2 of the Dungeon.
You worshipped Uskayaw.
Uskayaw was noncommittal.
You had temporarily grown beastly horns.
You visited 1 branch of the dungeon, and saw 2 of its levels.

You collected 81 gold pieces.

Inventory:

Missiles
 d - 28 stones
Armour
 a - a +0 robe (worn)
Jewellery
 b - an amulet of reflection (around neck)
Scrolls
 g - 2 scrolls of identify {unknown}
Potions
 c - a potion of heal wounds {unknown}
 e - a potion of lignification {unknown}
 f - a potion of haste {unknown}
 h - a potion of resistance {unknown}


   Skills:
 + Level 1.8 Fighting
 - Level 2.1 Dodging
 + Level 3.3 Unarmed Combat
 + Level 2.0 Spellcasting


You couldn't memorise any spells.
You knew the following spells:

 Your Spells              Type           Power      Damage    Failure   Level
a - Beastly Appendage     Tmut           14%        N/A       11%         1
b - Wereblood             Tmut           7%         N/A       16%         2
c - Spider Form           Tmut/Pois      7%         N/A       30%         3
d - Ice Form              Ice/Tmut       7%         N/A       71%         4
e - Sting                 Tmut/Pois      28%        1d4       11%         1
Your spell library was empty.

Dungeon Overview and Level Annotations

Branches:
Dungeon (2/15)

Altars:
Uskayaw


Innate Abilities, Weirdness & Mutations

You have temporarily grown beastly horns.
You are flying.
You are immune to sickness and miasma.
You are immune to poison.
Your flesh is very heat resistant. (rF++)
You are vulnerable to cold. (rC-)
You float through the air rather than walking.
You learn spells naturally, not from books.
Your magical power is your life essence.
You have superior vitality. (+4 MHP)


Message History

The adder bites you but does no damage.
Casting: Wereblood (safe; 17% risk of failure)
Confirm with . or Enter, or press ? or * to list all spells.
You grow a pair of large bovine horns.
The adder bites you. x2
You closely miss the adder. You punch the adder.
The adder is severely wounded.
The adder barely misses you.
You can now pass through a line of other dancers.
You closely miss the adder.
The adder is severely wounded.
The adder closely misses you.
You hit the adder.
You kill the adder!
The ball python bites you but does no damage.
The ball python barely misses you.
Your Spellcasting skill increases to level 2!
You have reached level 3!
Your experience leads to an increase in your attributes!
Increase (S)trength, (I)ntelligence, or (D)exterity?
You feel stronger. x2
The power to cast Sting wells up from within.
Spell assigned to 'e'.
Aiming: Line Pass
Press: ? - help, Dir - move target The ball python appears confused.
The worm appears confused.
You can no longer pass through a line of other dancers.
You barely miss the worm. You headbutt the worm!
The worm is heavily wounded.
The ball python bites the worm.
The ball python barely misses itself.
The worm bites the ball python!
The ball python is killed!
You can now pass through a line of other dancers.
You hit the worm but do no damage.
The worm is severely wounded.
Your transformation is almost over.
The worm seems less confused.
You hit the worm.
The worm is almost dead.
The worm bites you!
You die...

###.#############
.........@w†....#
#.$........####<#######.
#.#.######.# #.........
# #[# ########## .#. #
##


You could see a worm.

Vanquished Creatures
  An adder (D:2)
  A dart slug (D:1)
  2 ball pythons
  2 goblins (D:1)
  A hobgoblin (D:1)
  2 jackals (D:1)
  A quokka (D:1)
  2 bats (D:1)
  2 frilled lizards (D:1)
  2 kobolds (D:1)
16 creatures vanquished.

Notes
Turn   | Place    | Note
-------+----------+-------------------------------------------
     0 | D:1      | testman the Djinni Transmuter began the quest for the Orb.
     0 | D:1      | Reached XP level 1. HP: 17/17 MP: 0/0
   144 | D:1      | Found a faded altar of an unknown god.
   152 | D:1      | Prayed at the altar of an unknown god.
   152 | D:1      | Became a worshipper of Uskayaw the Reveller
   152 | D:1      | Reached * piety under Uskayaw
   218 | D:1      | Reached XP level 2. HP: 16/22 MP: 0/0
  1227 | D:2      | Reached ** piety under Uskayaw
  1230 | D:2      | Reached XP level 3. HP: 11/28 MP: 0/0
  1230 | D:2      | Learned a level 1 spell: Sting
  1233 | D:2      | Slain by a worm

Illustrated notes

Levels and vault maps discovered:
D:1:      nzn_arrival_crosshair, layout_basic,
          dreamdust_ecumenical_altar_statues, minmay_misc_feat_iff
D:2:      layout_loops_ring, serial_shops, shop

Skill      XL: |  1  2 |
---------------+-------+-----
Spellcasting   | 2 |  2.0
Fighting       | |  1.8
Dodging        | |  2.1
Unarmed Combat | |  3.3

Action                   || total
-------------------------++-------
Melee: Unarmed           ||    47
       Punch             ||     2
       Headbutt          ||     1
 Cast: Beastly Appendage ||     2
       Wereblood         ||     1
Invok: Stomp             ||     2
       Line Pass         ||     1
Armor: Robe              ||     6
Dodge: Dodged            ||    30
Block: Other             ||    11

Table legend: (Time is in decaauts)
 A = Elapsed time spent in this place.
 B = Non-inter-level travel time spent in this place.
 C = Inter-level travel time spent in this place.
 D = Time resting spent in this place.
 E = Time spent auto-exploring this place.
 F = Levels seen in this place.
 G = Mean time per level.
                   A        B        C        D        E       F      G
               +--------+--------+--------+--------+--------+-----+--------+
         Total |   1230 |   1147 |     83 |    111 |    887 |   2 |  615.0 |
       Dungeon |   1230 |   1147 |     83 |    111 |    887 |   2 |  615.0 |
               +--------+--------+--------+--------+--------+-----+--------+

Top non-repeatable levels by time:
     D:1: 1198 daAuts
     D:2: 31 daAuts
